 Dungeon Crawl Stone Soup version 0.21-a0-270-g8204059 (webtiles) character file.

3845 Lavandula the Spear-Bearer (level 10, -3/86 HPs)
             Began as a Ghoul Warper on Sept 14, 2017.
             Was an Elder of Cheibriados.
             Slain by an orc warrior
             ... wielding a +0 halberd
              (17 damage)
             ... on level 9 of the Dungeon.
             The game lasted 00:39:07 (5875 turns).

Lavandula the Spear-Bearer (Ghoul Warper)           Turns: 5875, Time: 00:39:07

Health: -3/86      AC:  8    Str: 27    XL:     10   Next: 18%
Magic:  7/11       EV: 14    Int: 18    God:    Cheibriados [****..]
Gold:   233        SH:  0    Dex: 17    Spells: 1/12 levels left

rFire    . . .     SeeInvis .   E - +3 trident (freeze)
rCold    + . .     Gourm    .   (no shield)
rNeg     + + +     Faith    .   g - +0 troll leather armour
rPois    ∞         Spirit   .   (no helmet)
rElec    .         Reflect  .   e - +0 cloak
rCorr    .         Harm     .   t - +2 pair of gloves
MR       .....                  (no boots)
Stlth    ++++......             (no amulet)
HPRegen  0.00/turn              i - ring of stealth
MPRegen  0.12/turn              F - ring of wizardry

@: very slightly contaminated, rotting, very slow
A: rotting body, claws 1, carnivore 3, cold resistance 1, negative energy
resistance 3, inhibited regeneration, torment resistance, unbreathing
a: Bend Time, Temporal Distortion, Slouch, Renounce Religion


You were on level 9 of the Dungeon.
You worshipped Cheibriados.
Cheibriados was greatly pleased with you.
You were not hungry.

You visited 2 branches of the dungeon, and saw 10 of its levels.
You also visited: Sewer.

You collected 233 gold pieces.

Inventory:

Hand Weapons
 a - a +0 spear
 o - a +2 hand axe of chopping
 E - a +3 trident of freezing (weapon)
 G - a +2 spear
Missiles
 m - 5 javelins (quivered)
 w - 2 throwing nets
Armour
 b - a +0 leather armour
 e - a +0 cloak (worn)
 g - a +0 troll leather armour (worn)
 j - a +0 ring mail
 t - a +2 pair of gloves (worn)
 y - the -4 cloak of Inquiry {rElec rF+++ rC- rN+}
   (You found it on level 6 of the Dungeon)

   It renders you almost immune to fire.
   It makes you vulnerable to cold.
   It insulates you from electricity.
   It protects you from negative energy.
 C - a +0 scale mail
Jewellery
 i - a ring of stealth (left hand)
 p - an uncursed ring of protection from cold
 F - a ring of wizardry (right hand)
Wands
 r - a wand of acid (7/15)
 s - a wand of confusion (16/48)
 A - a wand of iceblast (7/15)
Scrolls
 l - 4 scrolls of remove curse
 q - 2 scrolls of magic mapping
 v - 2 scrolls of recharging
Potions
 h - a potion of agility
 n - 3 potions of curing
 z - a potion of haste {unknown}
 B - a potion of brilliance {unknown}
Books
 c - a book of Spatial Translocations

   Spells                             Type                      Level
   a - Blink                          Translocation                2
   b - Shroud of Golubria             Charms/Translocation         2
   c - Lesser Beckoning               Translocation                3
   d - Gell's Gravitas                Translocation                3
   e - Teleport Other                 Translocation                3
   f - Passage of Golubria            Translocation                4
 k - a book of Callings

   Spells                             Type                      Level
   a - Summon Small Mammal            Summoning                    1
   b - Call Imp                       Summoning                    2
   c - Call Canine Familiar           Summoning                    3
   d - Summon Guardian Golem          Hexes/Summoning              3
   e - Summon Lightning Spire         Summoning/Air                4
   f - Summon Ice Beast               Ice/Summoning                4
Comestibles
 f - 3 meat rations
 u - 3 chunks of flesh
 x - 12 royal jellies


   Skills:
 - Level 7.1 Fighting
 - Level 4.3(7.4) Axes
 - Level 9.5(9.9) Polearms
 - Level 0.8 Throwing
 - Level 0.8 Armour
 - Level 4.4 Dodging
 - Level 4.1 Stealth
 + Level 1.9 Spellcasting
 - Level 0.3 Summonings
 - Level 2.6 Translocations
 - Level 1.3 Air Magic


You had one spell level left.
You knew the following spells:

 Your Spells              Type           Power        Failure   Level  Hunger
a - Blink                 Tloc           N/A          4%          2    ###....
b - Shroud of Golubria    Chrm/Tloc      #.........   7%          2    ###....
c - Teleport Other        Tloc           ##......     9%          3    ###....
d - Summon Lightning Spi  Summ/Air       #.......     45%         4    #####..


Dungeon Overview and Level Annotations

Branches:
Dungeon (9/15)             Temple (1/1) D:5            Lair (0/6) D:8
    Orc: D:9-12

Altars:
Ashenzari
Cheibriados
Dithmenos
Elyvilon
Fedhas
Gozag
Hepliaklqana
Makhleb
Nemelex Xobeh
Okawaru
Qazlal
Ru
Sif Muna
Trog
Vehumet
Wu Jian
Xom
Zin
The Shining One

Shops:
D:5 [   D:7 }

Annotations:
D:3 Ijyb; quacklin's ghost, amateur DrAE
D:8 Maurice


Innate Abilities, Weirdness & Mutations

Your body is rotting away.
You thrive on raw meat.
You are immune to poison.
You have sharp fingernails.
You are carnivorous and can eat meat at any time.
Your flesh is cold resistant. (rC+)
You are immune to negative energy. (rN+++)
You do not regenerate when monsters are visible.
You are immune to unholy pain and torment.
You can survive without breathing.


Message History

Aim: an orc warrior, wielding a halberd and wearing a chain mail (almost dead)
You reach to attack!
You hit the orc warrior but do no damage.
The orc warrior is almost dead.
Attack whom?
Press: ? - help, Dir - move target cursor, f/p - orc warrior
Aim: an orc warrior, wielding a halberd and wearing a chain mail (almost dead)
You reach to attack!
You hit the orc warrior but do no damage.
The orc warrior is almost dead.
The orc warrior hits you from afar with a halberd!!
* * * LOW HITPOINT WARNING * * *
Eat one of 5 chunks of flesh? (ye/n/q)
You eat one of the 5 chunks of flesh.
This raw flesh tastes great!
The orc warrior hits you from afar with a halberd!
* * * LOW HITPOINT WARNING * * *
Eat one of 4 chunks of flesh? (ye/n/q)
You eat one of the 4 chunks of flesh.
This raw flesh tastes great!
The orc warrior hits you from afar with a halberd!
You die...

## # ##.## 8# ##(..#...
##.$o...... #co)...c.ho
#o.).....Oo ###########
#.#...#...#
#.........#####o##.###.##
##.######....@..# ## ##
#..# ####.##..#
######.####........#...
............###.###......
.........######.. .#....
.........#....... .#####
...........####### .#
..............#
.....##.#####..#


You could see an orc warrior.

Vanquished Creatures
  A two-headed ogre (D:9)
  A troll (D:8)
  2 hippogriffs
  A porcupine (D:8)
  2 orc warriors
  An ice beast (D:8)
  2 black bears
  A necrophage (D:8)
  2 big kobolds (Sewer)
  4 bullfrogs
  6 wights
  A howler monkey (D:7)
  4 crimson imps
  4 jellies (D:8)
  4 orc priests
  Crazy Yiuf (D:6)
  A bullfrog skeleton (D:4)
  5 hounds
  7 orc wizards
  A bullfrog zombie (D:7)
  A centaur skeleton (D:8)
  Natasha (D:4)
  3 worker ants
  A hound skeleton (D:8)
  12 adders
  9 gnolls
  3 river rats
  6 oozes
  2 worms
  4 leopard geckos
  23 orcs
  2 ball pythons (Sewer)
  2 giant cockroaches
  2 goblins (D:2)
  3 hobgoblins
  8 jackals
  8 quokkas
  A ball python skeleton (D:4)
  5 bats
  A frilled lizard (D:2)
  4 kobolds
  A leopard gecko skeleton (D:7)
  2 quokka skeletons
  5 rats
160 creatures vanquished.

Vanquished Creatures (others)
  2 jackals (D:3)
2 creatures vanquished.

Grand Total: 162 creatures vanquished

Notes
Turn   | Place    | Note
-------+----------+-------------------------------------------
     0 | D:1      | Lavandula the Ghoul Warper began the quest for the Orb.
     0 | D:1      | Reached XP level 1. HP: 17/17 MP: 2/2
   187 | D:2      | Reached skill level 2 in Polearms
   187 | D:2      | Reached XP level 2. HP: 13/24 MP: 3/3
   298 | D:3      | Noticed Ijyb
   373 | D:2      | Reached skill level 3 in Polearms
   383 | D:2      | Reached XP level 3. HP: 11/29 MP: 4/4
   404 | D:2      | HP: 1/29 [quokka (2)]
   456 | D:2      | Learned a level 2 spell: Blink
   508 | D:2      | Learned a level 2 spell: Shroud of Golubria
   563 | D:2      | Reached XP level 4. HP: 35/35 MP: 5/5
   918 | D:3      | Noticed quacklin's ghost (amateur DrAE)
  1094 | D:2      | Reached skill level 4 in Polearms
  1476 | D:4      | Reached XP level 5. HP: 21/41 MP: 3/6
  1518 | D:4      | Noticed Natasha
  1529 | D:4      | Killed Natasha
  1529 | D:4      | Reached skill level 1 in Axes
  1688 | D:5      | Entered Level 5 of the Dungeon
  1708 | D:5      | Found a staircase to the Ecumenical Temple.
  1732 | D:5      | Found an iron altar of Okawaru.
  1747 | Temple   | Entered the Ecumenical Temple
  1788 | Temple   | Became a worshipper of Cheibriados the Contemplative
  1871 | D:5      | Reached XP level 6. HP: 48/48 MP: 5/7
  1890 | D:5      | Found a glowing drain.
  1894 | Sewer    | Entered a sewer
  1984 | Sewer    | Reached skill level 1 in Stealth
  2231 | Sewer    | Reached * piety under Cheibriados
  2287 | D:5      | Reached XP level 7. HP: 50/56 MP: 5/8
  2335 | D:5      | Found Ikior's Antique Armour Shop.
  2732 | D:6      | Got a translucent cloak
  2738 | D:6      | Identified the cursed -4 cloak of Inquiry {rElec rF+++ rC- rN+} (You found it on level 6 of the Dungeon)
  2781 | D:6      | Found a bloodstained altar of Trog.
  3264 | D:6      | Found a runed door.
  3374 | D:6      | Noticed Crazy Yiuf
  3385 | D:6      | Killed Crazy Yiuf
  3500 | D:7      | Reached ** piety under Cheibriados
  3544 | D:7      | Reached XP level 8. HP: 62/67 MP: 6/9
  3549 | D:7      | Reached skill level 5 in Fighting
  3665 | D:7      | Noticed a hippogriff
  3683 | D:7      | Found Jiruo's Quality Used Wands.
  3923 | D:8      | Noticed Maurice
  4149 | D:7      | Killed a hippogriff
  4573 | D:8      | Reached skill level 5 in Polearms
  4573 | D:8      | Reached XP level 9. HP: 58/79 MP: 10/10
  4585 | D:8      | Learned a level 3 spell: Teleport Other
  4590 | D:8      | Learned a level 4 spell: Summon Lightning Spire
  4622 | D:8      | Reached *** piety under Cheibriados
  4648 | D:9      | Reached skill level 1 in Air Magic
  4665 | D:9      | Noticed a troll
  4716 | D:9      | Noticed a two-headed ogre
  4733 | D:9      | Killed a two-headed ogre
  4733 | D:9      | Reached skill level 7 in Polearms
  5166 | D:8      | Reached skill level 8 in Polearms
  5206 | D:8      | Noticed a death yak
  5210 | D:8      | Noticed a death yak
  5211 | D:8      | Noticed a death yak
  5213 | D:8      | Found a staircase to the Lair.
  5379 | D:8      | Reached **** piety under Cheibriados
  5695 | D:8      | Killed a troll
  5695 | D:8      | Reached skill level 9 in Polearms
  5695 | D:8      | Reached XP level 10. HP: 44/86 MP: 0/11
  5875 | D:9      | Slain by an orc warrior

Vault maps used:
D:1:      lightli_molten_gateway
D:2:      minmay_tromino_i4
D:3:      first_bread, st_stairs_13, uniq_ijyb
D:4:      serial_bayou_lake_a, uniq_natasha
D:5:      kennysheep_mini, temple_pool_b, serial_shops, nicolae_shop_stone,
          gup_sewer_entry_bowl
D:6:      trog_book, uniq_crazy_yiuf_cottage
D:7:      kennysheep_six_static_rooms, nicolae_for_you_no_charge
D:8:      dpeg_lair_monsters, hangedman_little_slice_of_home,
          okawaru_ov_weapons_minmay, uniq_maurice
D:9:      david_orc_4, uniq_erica
Temple:   compressed_dpeg_triangle_lava_temple
Sewer:    sewer_co_tree

Skill      XL: |  1  2  3  4  5  6  7  8  9 |
---------------+----------------------------+-----
Polearms       | 2 3 4 5 9 |  9.5
Axes           | 2 4 |  4.3
Stealth        | 4 |  4.1
Fighting       | 4 7 |  7.1
Dodging        | 4 |  4.4
Air Magic      | 1 |  1.3
Throwing       | |  0.8
Armour         | |  0.8
Spellcasting   | |  1.9
Summonings     | |  0.3
Translocations | |  2.6

Action                   |  1- 3 |  4- 6 |  7- 9 | 10-12 || total
-------------------------+-------+-------+-------+-------++-------
Melee: Spear             |    86 |   126 |       |       ||   212
       Hand axe          |       |   120 |   215 |       ||   335
       Trident           |       |       |   134 |    52 ||   186
Throw: Tomahawk          |     5 |       |       |       ||     5
       Javelin           |       |     4 |    15 |       ||    19
 Cast: Shroud of Golubri |     2 |    11 |    16 |     3 ||    32
       Blink             |       |     2 |    25 |     1 ||    28
       Summon Lightning  |       |       |     2 |       ||     2
       Teleport Other    |       |       |     1 |       ||     1
Evoke: Wand              |       |       |     3 |       ||     3
  Use: Potion            |     3 |     1 |     1 |       ||     5
       Scroll            |       |     6 |    14 |     1 ||    21
 Stab: Sleeping          |       |       |    16 |     2 ||    18
       Confused          |       |       |     1 |       ||     1
       Distracted        |       |       |       |     1 ||     1
  Eat: Chunk             |    12 |    23 |    45 |     9 ||    89
Armor: Leather armour    |    13 |    55 |    62 |       ||   130
       Troll leather arm |       |       |       |     9 ||     9
Dodge: Dodged            |    44 |   147 |   204 |    22 ||   417

Table legend:
 A = Spawn XP
 B = Non-spawn XP
 C = Spawn XP percentage of total XP
 D = Spawn monster count
 E = Non-spawn monster count
 F = Spawn count percentage of total count
 G = Total turns spent on level
                    A         B        C        D         E        F      G
               +---------+---------+-------+---------+---------+-------+---------
         Total |       0 |    5494 |   0.0 |       0 |     160 |   0.0 |  5875
               +---------+---------+-------+---------+---------+-------+---------
           D:2 |       0 |     104 |   0.0 |       0 |      21 |   0.0 |  1034
           D:3 |       0 |      22 |   0.0 |       0 |      10 |   0.0 |   322
           D:4 |       0 |     175 |   0.0 |       0 |      11 |   0.0 |   313
           D:5 |       0 |     217 |   0.0 |       0 |      14 |   0.0 |   446
           D:6 |       0 |     290 |   0.0 |       0 |      13 |   0.0 |   530
           D:7 |       0 |     871 |   0.0 |       0 |      24 |   0.0 |  1175
           D:8 |       0 |    1919 |   0.0 |       0 |      33 |   0.0 |  1120
           D:9 |       0 |    1636 |   0.0 |       0 |      21 |   0.0 |   493
         Sewer |       0 |     260 |   0.0 |       0 |      13 |   0.0 |   361
               +---------+---------+-------+---------+---------+-------+---------
